 Dungeon Crawl Stone Soup version 0.31-a0-161-gb58dd9be76 (webtiles) character file.

Game seed: 10192915299315708640

53 qw the Shooter (level 3, -3/32 HPs)
             Began as a Naga Hunter on June 12, 2023.
             Slain by a gnoll
             ... wielding a +0 halberd
              (11 damage)
             ... on level 2 of the Dungeon.
             The game lasted 00:00:24 (694 turns).

qw the Shooter (Naga Hunter)                         Turns: 694, Time: 00:00:25

Health: -3/32      AC:  2    Str: 13    XL:     3   Next: 87%
Magic:  3/3        EV:  9    Int:  9    God:
Gold:   39         SH:  0    Dex: 16    Spells: 2/2 levels left

rFire   . . .        Y - +0 shortbow
rCold   . . .        (shield currently unavailable)
rNeg    . . .        c - +0 leather armour
rPois   +            (no helmet)
rElec   .            (no cloak)
rCorr   .            (no gloves)
SInv    +            (no barding)
Will    .....        (no amulet)
Stlth   ++           (no ring)
HPRegen 0.25/turn    (no ring)
MPRegen 0.08/turn

%: no passive effects
@: very slow
A: AC +1, large, see invisible, deformed body, poison resistance, slowness 2,
spit poison 1, naga tail 1
a: Spit Poison


You were on level 2 of the Dungeon.
You visited 1 branch of the dungeon, and saw 2 of its levels.

You collected 39 gold pieces.


Innate Abilities, Weirdness & Mutations

Your serpentine skin is tough. (AC +1)
You have supernaturally acute eyesight. (SInv)
Armour fits poorly on your strangely shaped body.
Your system is resistant to poisons. (rPois)
You cover ground very slowly.
You can spit poison.
You have a snake-like lower body.


   Skills:
 - Level 2.0 Fighting
 + Level 4.9 Ranged Weapons
 - Level 1.5 Dodging
 - Level 1.5 Stealth


You had 2 spell levels left.
You didn't know any spells.
Your spell library was empty.

Inventory:

Hand Weapons
 Y - a +0 shortbow (weapon)
Armour
 c - a +0 leather armour (worn)
Scrolls
 a - a scroll of identify
Potions
 d - a potion of enlightenment {unknown}
 g - a potion of brilliance {unknown}

Dungeon Overview and Level Annotations

Branches:
Dungeon (2/15)

Altars:
Sif Muna

Shops:
D:1 (

Annotations:
D:2 exclusion: 5 gnolls


Message History

The gnoll shouts!
A gnoll comes into view. It is wielding a +0 spear.
Enter note:
683 ||| Stepping ~*~*~tactically~*~*~ (outnumbered).
Enter note: A gnoll comes into view. It is wielding a +0 whip.
Enter note:
685 ||| Stepping ~*~*~tactically~*~*~ (outnumbered).
686 ||| INVOKING Spit Poison.
Aiming: Spit Poison (2% risk of failure)
Press: ? - help, Shift-Dir - straight line, f - gnoll The splash of poison misses the gnoll.
The gnoll hits you from afar with a +0 halberd!
You shoot an arrow. The arrow hits the gnoll!
The gnoll is heavily wounded.
The gnoll hits you from afar with a +0 halberd!
Enter note:
688 ||| READING scroll labelled SEIVAI ZEP IHO.
As you read the scroll labelled SEIVAI ZEP IHO, it crumbles to dust.
It is a scroll of enchant armour.
Really abort (and waste the scroll)?
You have got your breath back.
The gnoll barely misses you.
Enter note:
Enter note:
Enter note:
Enter note:
Enter note:
Enter note:
Enter note: The gnoll barely misses you.
Enter note:
Enter note: You see here a +0 dagger.
Enter note:
Enter note:
Enter note:
Enter note: The gnoll hits you from afar with a +0 halberd!
You die...

##.## #####...##
#^....#..# #.###....#
##.#.# #.#.# #.#g#
####...###.# #......@...#
#......##### # #.._..#.#
#.#.....##.#####
#...[...##....>#
#..#..#.##.....#####
#....###...........#
##.##.#..#.....###.#######
#. ##.###.....##........#


You could see a gnoll.

Vanquished Creatures
  An adder (D:2)
  A worm (D:2)
  4 dart slugs (D:1)
  2 ball pythons (D:1)
  3 endoplasms (D:1)
  2 giant cockroaches (D:1)
  4 goblins
  3 hobgoblins (D:1)
  2 kobolds (D:1)
  2 quokkas (D:1)
  2 bats (D:1)
  4 rats (D:1)
30 creatures vanquished.

Notes
Turn   | Place    | Note
-------+----------+-------------------------------------------
     0 | D:1      | qw the Naga Hunter began the quest for the Orb.
     0 | D:1      | Reached XP level 1. HP: 19/19 MP: 1/1
     0 | D:1      | 0 ||| qw: Version: 0.2-a-29-gc1b59c4
     0 | D:1      | 0 ||| qw: Game counter: 4199
     0 | D:1      | 0 ||| qw: Always use a shield: true
     0 | D:1      | 0 ||| qw: God list: Okawaru
     0 | D:1      | 0 ||| qw: Allow faded altars: false
     0 | D:1      | 0 ||| qw: Do Orc after D:15 true
     0 | D:1      | 0 ||| qw: Do second Lair branch before Depths: true
     0 | D:1      | 0 ||| qw: Lair rune preference: random
     0 | D:1      | 0 ||| qw: Plans: Normal
     0 | D:1      | 0 ||| PLANNING D:1-11
    12 | D:1      | 12 ||| INVOKING Spit Poison.
    15 | D:1      | 15 ||| INVOKING Spit Poison.
    28 | D:1      | 28 ||| INVOKING Spit Poison.
    30 | D:1      | Reached skill level 4 in Ranged Weapons
    30 | D:1      | Reached XP level 2. HP: 26/26 MP: 2/2
    33 | D:1      | 33 ||| FLEEEEING.
    35 | D:1      | 35 ||| FLEEEEING.
    42 | D:1      | 42 ||| FLEEEEING.
    43 | D:1      | 43 ||| FLEEEEING.
    44 | D:1      | 44 ||| FLEEEEING.
    46 | D:1      | 46 ||| INVOKING Spit Poison.
    67 | D:1      | Found Qyucaykig's Weapon Shop.
    73 | D:1      | 73 ||| INVOKING Spit Poison.
    91 | D:1      | 91 ||| INVOKING Spit Poison.
    96 | D:1      | 96 ||| INVOKING Spit Poison.
   126 | D:1      | 126 ||| INVOKING Spit Poison.
   139 | D:1      | Reached XP level 3. HP: 32/32 MP: 3/3
   187 | D:1      | 187 ||| INVOKING Spit Poison.
   190 | D:1      | 190 ||| INVOKING Spit Poison.
   193 | D:1      | 193 ||| INVOKING Spit Poison.
   223 | D:1      | 223 ||| INVOKING Spit Poison.
   231 | D:1      | 231 ||| INVOKING Spit Poison.
   234 | D:1      | 234 ||| INVOKING Spit Poison.
   246 | D:1      | 246 ||| INVOKING Spit Poison.
   288 | D:1      | 288 ||| INVOKING Spit Poison.
   300 | D:1      | 300 ||| INVOKING Spit Poison.
   457 | D:1      | 457 ||| INVOKING Spit Poison.
   478 | D:1      | 478 ||| DROPPING ring of flight.
   479 | D:1      | 479 ||| READING 2 scrolls labelled PAWANW REDGH.
   480 | D:1      | 480 ||| READING scroll labelled BEKORPHANUK.
   539 | D:1      | 539 ||| DROPPING scroll of butterflies.
   567 | D:2      | 567 ||| INVOKING Spit Poison.
   571 | D:2      | 571 ||| INVOKING Spit Poison.
   602 | D:2      | 602 ||| INVOKING Spit Poison.
   606 | D:2      | 606 ||| INVOKING Spit Poison.
   670 | D:2      | Found a shimmering blue altar of Sif Muna.
   683 | D:2      | 683 ||| Stepping ~*~*~tactically~*~*~ (outnumbered).
   685 | D:2      | 685 ||| Stepping ~*~*~tactically~*~*~ (outnumbered).
   686 | D:2      | 686 ||| INVOKING Spit Poison.
   687 | D:2      | HP: 5/32 [gnoll/+0 halberd (12)]
   688 | D:2      | 688 ||| READING scroll labelled SEIVAI ZEP IHO.
   694 | D:2      | Slain by a gnoll

Levels and vault maps discovered:
D:1:      saegor_arrival_simple_c, layout_rooms, serial_shops,
          nicolae_shop_tiny_glass, minmay_misc_feat_doors
D:2:      layout_loops_ring, basic_altar

Skill      XL: |  1 |
---------------+----+-----
Ranged Weapons | 4 |  4.9
Fighting       | |  2.0
Dodging        | |  1.5
Stealth        | |  1.5

Action                     || total
---------------------------++-------
   Fire: Shortbow          ||    56
Ability: Spit Poison       ||    23
    Use: Scroll            ||     3
  Dodge: Dodged            ||     3

Table legend:
 A = Non-vault XP
 B = Vault XP
 C = Vault XP percentage of total XP
 D = Non-vault monster count
 E = Vault monster count
 F = Vault count percentage of total count
                 A         B        C        D         E       F
            +---------+---------+-------+---------+---------+-------
      Total |      76 |       0 |   0.0 |      30 |       0 |   0.0
            +---------+---------+-------+---------+---------+-------
        D:1 |      56 |       0 |   0.0 |      27 |       0 |   0.0
        D:2 |      20 |       0 |   0.0 |       3 |       0 |   0.0
            +---------+---------+-------+---------+---------+-------
